Workbook

Sheet CONCENTRADO 3 PAQUETES
A5: CONTRATACION DE SERVICIO DE FOTO IMPRESIÓN Y/O FOTO COPIADO "JUNIO 03 DE 2020 - JUNIO 03 DE 2021"
A6: 03 PAQUETES DIVIDIDOS EN EL ESTADO
A9: PAQUETE | B9: CIUDAD | C9: DEPENDENCIAS | D9: TIPO A | E9: TIPO B | F9: TIPO C | G9: TOTAL
A10: 1 | B10: MEXICALI, VALLE Y SAN FELIPE | C10: TODAS LAS DEPENDENCIAS | D10: ='PAQUETE 01 MXLVSF'!G191 -> 152 | E10: ='PAQUETE 01 MXLVSF'!G192 -> 22 | F10: ='PAQUETE 01 MXLVSF'!G193 -> 10 | G10: =SUM(D10:F10) -> 184
A11: 2 | B11: TIJUANA, TECATE Y ROSARITO | C11: TODAS LAS DEPENDENCIAS | D11: ='PAQUETE 02 TJTKTROS'!G177 -> 129 | E11: ='PAQUETE 02 TJTKTROS'!G178 -> 23 | F11: ='PAQUETE 02 TJTKTROS'!G179 -> 18 | G11: =SUM(D11:F11) -> 170
A12: 3 | B12: ENSENADA Y SAN QUINTIN | C12: TODAS LAS DEPENDENCIAS | D12: ='PAQUETE 03 ENSSQ'!G83 -> 25 | E12: ='PAQUETE 03 ENSSQ'!G84 -> 50 | F12: ='PAQUETE 03 ENSSQ'!G85 -> 1 | G12: =SUM(D12:F12) -> 76
C13: TOTALES | D13: =SUM(D10:D12) -> 306 | E13: =SUM(E10:E12) -> 95 | F13: =SUM(F10:F12) -> 29 | G13: =SUM(G10:G12) -> 430

Sheet DETALLE PAQUETE ABC
A1: COPIADORAS "JUNIO 03 DE 2020 - JUNIO 03 DE 2021" DETALLE POR PAQUETE Y TIPO DE MAQUINA
A2: PAQUETE 1 | H2: PAQUETE 2 | O2: PAQUETE 3
A3: MEXICALI, VALLE Y SAN FELIPE | H3: TIJUANA, TECATE Y ROSARITO | O3: ENSENADA Y SAN QUINTIN
A4: RAMO | C4: TIPO A | D4: TIPO B | E4: TIPO C | F4: TOTAL | H4: RAMO | J4: TIPO A | K4: TIPO B | L4: TIPO C | M4: TOTAL | O4: RAMO | Q4: TIPO A | R4: TIPO B | S4: TIPO C | T4: TOTAL
A5: 03 | B5: PART | C5: 6 | D5: 1 | E5: 0 | F5: =SUM(C5:E5) -> 7 | H5: 03 | I5: PART | J5: 1 | K5: 0 | L5: 3 | M5: =SUM(J5:L5) -> 4 | O5: 03 | P5: PART | Q5: 1 | R5: 2 | S5: 0 | T5: =SUM(Q5:S5) -> 3
A6: 04 | B6: SGG | C6: 33 | D6: 0 | E6: 1 | F6: =SUM(C6:E6) -> 34 | H6: 04 | I6: SGG | J6: 26 | K6: 4 | L6: 2 | M6: =SUM(J6:L6) -> 32 | O6: 04 | P6: SGG | Q6: 2 | R6: 10 | S6: 0 | T6: =SUM(Q6:S6) -> 12
A7: 05 | B7: OMG | C7: 22 | D7: 2 | E7: 1 | F7: =SUM(C7:E7) -> 25 | H7: 05 | I7: OMG | J7: 3 | K7: 1 | L7: 4 | M7: =SUM(J7:L7) -> 8 | O7: 05 | P7: OMG | Q7: 1 | R7: 2 | S7: 1 | T7: =SUM(Q7:S7) -> 4
A8: 06 | B8: PGJE | C8: 54 | D8: 9 | E8: 3 | F8: =SUM(C8:E8) -> 66 | H8: 06 | I8: PGJE | J8: 72 | K8: 12 | L8: 3 | M8: =SUM(J8:L8) -> 87 | O8: 06 | P8: PGJE | Q8: 16 | R8: 21 | S8: 0 | T8: =SUM(Q8:S8) -> 37
A9: 07 | B9: SPF | C9: 15 | D9: 4 | E9: 2 | F9: =SUM(C9:E9) -> 21 | H9: 07 | I9: SPF | J9: 6 | K9: 1 | L9: 5 | M9: =SUM(J9:L9) -> 12 | O9: 07 | P9: SPF | Q9: 2 | R9: 3 | S9: 0 | T9: =SUM(Q9:S9) -> 5
A10: 08 | B10: DCEG | C10: 1 | D10: 3 | E10: 0 | F10: =SUM(C10:E10) -> 4 | H10: 08 | I10: DCEG | J10: 0 | K10: 1 | L10: 0 | M10: =SUM(J10:L10) -> 1 | O10: 08 | P10: DCEG | R10: 1 | S10: 0 | T10: =SUM(Q10:S10) -> 1
A11: 10 | B11: SIDUE | C11: 9 | D11: 1 | E11: 0 | F11: =SUM(C11:E11) -> 10 | H11: 10 | I11: SIDUE | J11: 3 | K11: 0 | L11: 0 | M11: =SUM(J11:L11) -> 3 | O11: 10 | P11: SIDUE | R11: 1 | S11: 0 | T11: =SUM(Q11:S11) -> 1
A12: 11 | B12: SEDECO | C12: 3 | D12: 0 | E12: 0 | F12: =SUM(C12:E12) -> 3 | H12: 11 | I12: SEDECO | J12: 9 | K12: 1 | L12: 0 | M12: =SUM(J12:L12) -> 10 | O12: 11 | P12: SEDECO | Q12: 2 | R12: 3 | T12: =SUM(Q12:S12) -> 5
A13: 12 | B13: SEFOA | C13: 1 | D13: 0 | E13: 1 | F13: =SUM(C13:E13) -> 2 | H13: 12 | I13: SEFOA | J13: 2 | K13: 0 | L13: 0 | M13: =SUM(J13:L13) -> 2 | O13: 12 | P13: SEFOA | Q13: 0 | R13: 2 | S13: 0 | T13: =SUM(Q13:S13) -> 2
A14: 14 | B14: S.E.B.S. | C14: 1 | D14: 0 | E14: 1 | F14: =SUM(C14:E14) -> 2 | H14: 14 | I14: S.E.B.S. | J14: 0 | K14: 0 | L14: 0 | M14: =SUM(J14:L14) -> 0 | O14: 14 | P14: S.E.B.S. | Q14: 0 | R14: 0 | S14: 0 | T14: 0
A15: 16 | B15: SEDESOE | C15: 2 | D15: 2 | E15: 0 | F15: =SUM(C15:E15) -> 4 | H15: 16 | I15: SEDESOE | J15: 3 | K15: 2 | L15: 0 | M15: =SUM(J15:L15) -> 5 | O15: 16 | P15: SEDESOE | Q15: 1 | R15: 1 | S15: 0 | T15: =SUM(Q15:S15) -> 2
A16: 17 | B16: STPS | C16: 5 | D16: 0 | E16: 1 | F16: =SUM(C16:E16) -> 6 | H16: 17 | I16: STPS | J16: 4 | K16: 1 | L16: 1 | M16: =SUM(J16:L16) -> 6 | O16: 17 | P16: STPS | Q16: 0 | R16: 4 | S16: 0 | T16: =SUM(Q16:S16) -> 4
A17: TOTAL | C17: =SUM(C5:C16) -> 152 | D17: =SUM(D5:D16) -> 22 | E17: =SUM(E5:E16) -> 10 | F17: =SUM(F5:F16) -> 184 | H17: TOTAL | J17: =SUM(J5:J16) -> 129 | K17: =SUM(K5:K16) -> 23 | L17: =SUM(L5:L16) -> 18 | M17: =SUM(M5:M16) -> 170 | O17: TOTAL | Q17: =SUM(Q5:Q16) -> 25 | R17: =SUM(R5:R16) -> 50 | S17: =SUM(S5:S16) -> 1 | T17: =SUM(T5:T16) -> 76
A20: TOTALES POR DEPENDENCIA
A21: 3 PAQUETES
A22: RAMO | C22: TIPO A | D22: TIPO B | E22: TIPO C | F22: TOTAL
A23: 03 | B23: PART | C23: =C5+J5+Q5 -> 8 | D23: =D5+K5+R5 -> 3 | E23: =E5+L5+S5 -> 3 | F23: =SUM(C23:E23) -> 14
A24: 04 | B24: SGG | C24: =C6+J6+Q6 -> 61 | D24: =D6+K6+R6 -> 14 | E24: =E6+L6+S6 -> 3 | F24: =SUM(C24:E24) -> 78
A25: 05 | B25: OMG | C25: =C7+J7+Q7 -> 26 | D25: =D7+K7+R7 -> 5 | E25: =E7+L7+S7 -> 6 | F25: =SUM(C25:E25) -> 37
A26: 06 | B26: PGJE | C26: =C8+J8+Q8 -> 142 | D26: =D8+K8+R8 -> 42 | E26: =E8+L8+S8 -> 6 | F26: =SUM(C26:E26) -> 190
A27: 07 | B27: SPF | C27: =C9+J9+Q9 -> 23 | D27: =D9+K9+R9 -> 8 | E27: =E9+L9+S9 -> 7 | F27: =SUM(C27:E27) -> 38
A28: 08 | B28: DCEG | C28: =C10+J10+Q10 -> 1 | D28: =D10+K10+R10 -> 5 | E28: =E10+L10+S10 -> 0 | F28: =SUM(C28:E28) -> 6
A29: 10 | B29: SIDUE | C29: =C11+J11+Q11 -> 12 | D29: =D11+K11+R11 -> 2 | E29: =E11+L11+S11 -> 0 | F29: =SUM(C29:E29) -> 14
A30: 11 | B30: SEDECO | C30: =C12+J12+Q12 -> 14 | D30: =D12+K12+R12 -> 4 | E30: =E12+L12+S12 -> 0 | F30: =SUM(C30:E30) -> 18
A31: 12 | B31: SEFOA | C31: =C13+J13+Q13 -> 3 | D31: =D13+K13+R13 -> 2 | E31: =E13+L13+S13 -> 1 | F31: =SUM(C31:E31) -> 6
A32: 14 | B32: S.E.B.S. | C32: =C14+J14+Q14 -> 1 | D32: =D14+K14+R14 -> 0 | E32: =E14+L14+S14 -> 1 | F32: =SUM(C32:E32) -> 2
A33: 16 | B33: SEDESOE | C33: =C15+J15+Q15 -> 6 | D33: =D15+K15+R15 -> 5 | E33: =E15+L15+S15 -> 0 | F33: =SUM(C33:E33) -> 11
A34: 17 | B34: STPS | C34: =C16+J16+Q16 -> 9 | D34: =D16+K16+R16 -> 5 | E34: =E16+L16+S16 -> 2 | F34: =SUM(C34:E34) -> 16
A35: TOTAL | C35: =SUM(C23:C34) -> 306 | D35: =SUM(D23:D34) -> 95 | E35: =SUM(E23:E34) -> 29 | F35: =SUM(F23:F34) -> 430

Sheet PAQUETE 01 MXLVSF
A1: PAQUETE 1
A2: MEXICALI, VALLE Y SAN FELIPE
A3: Junio 03 de 2020 a Junio 03 de 2021
A5: RAMO | C5: DEPEND | D5: CD | E5: AREA | F5: UBICACION | G5: TIPO | H5: COND | I5: IMP | J5: SCAN | K5: COLOR
A6: 1 | B6: 03 | C6: PART | D6: MEXICALI | E6: COMUNICACION SOCIAL MEXICALI (A) | F6: EDIF. PODER EJECUTIVO CENTRO CIVICO 3ER PISO | G6: A | H6: NUEVA | I6: MULTIFUNCIONAL | J6: SCANER | K6: BLANCO Y NEGRO
A7: 2 | B7: 03 | C7: PART | D7: MEXICALI | E7: COMUNICACION SOCIAL MEXICALI (B) | F7: EDIF. PODER EJECUTIVO CENTRO CIVICO 3ER PISO | G7: A | H7: NUEVA | I7: MULTIFUNCIONAL | J7: SCANER | K7: BLANCO Y NEGRO
A8: 3 | B8: 03 | C8: PART | D8: MEXICALI | E8: OFICINA DEL EJECUTIVO (A) | F8: EDIF. PODER EJECUTIVO CENTRO CIVICO 3ER PISO | G8: A | H8: NUEVA | I8: MULTIFUNCIONAL | J8: SCANER | K8: BLANCO Y NEGRO
A9: 4 | B9: 03 | C9: PART | D9: MEXICALI | E9: OFICINA DEL EJECUTIVO (B) | F9: EDIF. PODER EJECUTIVO CENTRO CIVICO 3ER PISO | G9: A | H9: NUEVA | I9: MULTIFUNCIONAL | J9: SCANER | K9: BLANCO Y NEGRO
A10: 5 | B10: 03 | C10: PART | D10: MEXICALI | E10: OFICINA DEL EJECUTIVO (D) | F10: EDIF. PODER EJECUTIVO CENTRO CIVICO 3ER PISO | G10: A | H10: NUEVA | I10: MULTIFUNCIONAL | J10: SCANER | K10: BLANCO Y NEGRO
A11: 6 | B11: 03 | C11: PART | D11: MEXICALI | E11: OFICINA DEL EJECUTIVO (F) | F11: EDIF. PODER EJECUTIVO CENTRO CIVICO 3ER PISO | G11: A | H11: NUEVA | I11: MULTIFUNCIONAL | J11: SCANER | K11: BLANCO Y NEGRO
A12: 7 | B12: 03 | C12: PART | D12: MEXICALI | E12: RELACIONES PUBLICAS | F12: EDIF. PODER EJECUTIVO CENTRO CIVICO 2DO PISO | G12: B | H12: NUEVA | I12: MULTIFUNCIONAL | J12: SCANER | K12: BLANCO Y NEGRO
A13: 8 | B13: 04 | C13: SGG | D13: MEXICALI | E13: ARCHIVO GENERAL NOTARIAS (5) | F13: VISTAHERMOSA Y NAVOLATO | G13: A | H13: NUEVA | I13: MULTIFUNCIONAL | J13: SCANER | K13: BLANCO Y NEGRO
A14: 9 | B14: 04 | C14: SGG | D14: MEXICALI | E14: ARCHIVO GENERAL NOTARIAS (A) | F14: VISTAHERMOSA Y NAVOLATO | G14: A | H14: NUEVA | I14: MULTIFUNCIONAL | J14: SCANER | K14: BLANCO Y NEGRO
A15: 10 | B15: 04 | C15: SGG | D15: MEXICALI | E15: ARCHIVO GENERAL NOTARIAS (B) | F15: VISTAHERMOSA Y NAVOLATO | G15: A | H15: NUEVA | I15: MULTIFUNCIONAL | J15: SCANER | K15: BLANCO Y NEGRO
A16: 11 | B16: 04 | C16: SGG | D16: MEXICALI | E16: ARCHIVO GENERAL NOTARIAS (D) | F16: VISTAHERMOSA Y NAVOLATO | G16: A | H16: NUEVA | I16: MULTIFUNCIONAL | J16: SCANER | K16: BLANCO Y NEGRO
A17: 12 | B17: 04 | C17: SGG | D17: MEXICALI | E17: ARCHIVO GENERAL NOTARIAS (F) | F17: VISTAHERMOSA Y NAVOLATO | G17: A | H17: NUEVA | I17: MULTIFUNCIONAL | J17: SCANER | K17: BLANCO Y NEGRO
... A189: 184 | B189: 17 | C189: STPS | D189: MEXICALI | E189: JUNTA DE CONCILIACIÓN Y ARBITRAJE (ADICIONAL) (1) | F189: PLAZA FIMBRES | G189: A | H189: NUEVA | I189: MULTIFUNCIONAL | J189: SCANER | K189: BLANCO Y NEGRO
F191: TOTAL MAQUINAS TIPO A | G191: =COUNTIFS(G6:G189,"=A") -> 152
F192: TOTAL MAQUINAS TIPO B | G192: =COUNTIFS(G6:G189,"=B") -> 22
F193: TOTAL MAQUINAS TIPO C | G193: =COUNTIFS(G6:G189,"=C") -> 10
F194: TOTAL EQUIPOS MEXICALI | G194: =SUBTOTAL(9,G191:G193) -> 184

Sheet PAQUETE 02 TJTKTROS
A1: PAQUETE 2
A2: TIJUANA, TECATE Y ROSARITO
A3: Junio 03 de 2020 a Junio 03 de 2021
A5: RAMO | C5: DEPEND | D5: CD | E5: AREA | F5: UBICACION | G5: TIPO | H5: COND | I5: IMP | J5: SCAN | K5: COLOR
A6: 1 | B6: 03 | C6: PART | D6: TIJUANA | E6: OFICINA Asesores del Gobernador | F6: VIA RAPIDA ORIENTE #10252 ZONA RIO | G6: A | H6: NUEVA | I6: MULTIFUNCIONAL | J6: SCANER | K6: BLANCO Y NEGRO
A7: 2 | B7: 03 | C7: PART | D7: TIJUANA | E7: Secretaria Particular tercer Piso | F7: VIA RAPIDA ORIENTE #10252 ZONA RIO | G7: C | H7: NUEVA | I7: MULTIFUNCIONAL | J7: SCANER | K7: BLANCO Y NEGRO
A8: 3 | B8: 03 | C8: PART | D8: TIJUANA | E8: Direccion Relaciones Publicas | F8: VIA RAPIDA ORIENTE #10252 ZONA RIO | G8: C | H8: NUEVA | I8: MULTIFUNCIONAL | J8: SCANER | K8: BLANCO Y NEGRO
A9: 4 | B9: 03 | C9: PART | D9: TIJUANA | E9: Comunicacion Social (B) | F9: VIA RAPIDA ORIENTE #10252 ZONA RIO | G9: C | H9: NUEVA | I9: MULTIFUNCIONAL | J9: SCANER | K9: BLANCO Y NEGRO
A10: 5 | B10: 04 | C10: SGG | D10: TIJUANA | E10: Defensoria de Oficio | F10: CALLE 5TA #7951 ZONA CENTRO | G10: A | H10: NUEVA | I10: MULTIFUNCIONAL | J10: SCANER | K10: BLANCO Y NEGRO
A11: 6 | B11: 04 | C11: SGG | D11: TIJUANA | E11: Defensoria de Oficio | F11: VIA RAPIDA PONIENTE #15035 PLAZA MUNDO DIVERTIDO LOCAL 41 Y 43 | G11: A | H11: NUEVA | I11: MULTIFUNCIONAL | J11: SCANER | K11: BLANCO Y NEGRO
A12: 7 | B12: 04 | C12: SGG | D12: TIJUANA | E12: JURIDICO CONTENCIOSO 2DO PISO | F12: VIA RAPIDA ORIENTE #10252 ZONA RIO (2DO PISO) | G12: A | H12: NUEVA | I12: MULTIFUNCIONAL | J12: SCANER | K12: BLANCO Y NEGRO
A13: 8 | B13: 04 | C13: SGG | D13: TIJUANA | E13: Proteccion Civil TIJUANA | F13: PANFILO NATERA # 6400 COL. FRANCISCO VILLA | G13: C | H13: NUEVA | I13: MULTIFUNCIONAL | J13: SCANER | K13: BLANCO Y NEGRO
A14: 9 | B14: 04 | C14: SGG | D14: TIJUANA | E14: SUBSECRETARIA GENERAL | F14: VIA RAPIDA ORIENTE #10252 ZONA RIO | G14: B | H14: NUEVA | I14: MULTIFUNCIONAL | J14: SCANER | K14: BLANCO Y NEGRO
A15: 10 | B15: 04 | C15: SGG | D15: ROSARITO | E15: Secretaria General De Gobierno | F15: AVE. JOSE HAROS AGUILAR #2004 FRACC. VILLA TURISTICA | G15: A | H15: NUEVA | I15: MULTIFUNCIONAL | J15: SCANER | K15: BLANCO Y NEGRO
A16: 11 | B16: 04 | C16: SGG | D16: TECATE | E16: SECRETARIA GENERAL TECATE | F16: BLVD. DEFENSORES B.C. Y CALZADA UNIVERSIDAD | G16: A | H16: NUEVA | I16: MULTIFUNCIONAL | J16: SCANER | K16: BLANCO Y NEGRO
A17: 12 | B17: 04 | C17: SGG | D17: TIJUANA | E17: Registro Publica de la Propiedad (area Secretarial) | F17: VIA RAPIDA ORIENTE #10252 ZONA RIO | G17: A | H17: NUEVA | I17: MULTIFUNCIONAL | J17: SCANER | K17: BLANCO Y NEGRO
... A175: 170 | B175: 17 | C175: STPS | D175: TIJUANA | E175: CENTRO DE CAPACITACION Y CERTIFICACION DE COMPETENCIAS (1) | F175: BLVD. DIAS ORDAZ #12649 PLAZA PATRIA 3ER PISO | G175: A | H175: NUEVA | I175: MULTIFUNCIONAL | J175: SCANER | K175: BLANCO Y NEGRO
F177: TOTAL MAQUINAS TIPO A | G177: =COUNTIF(G6:G175,"A") -> 129
F178: TOTAL MAQUINAS TIPO B | G178: =COUNTIF(G6:G175,"B") -> 23
F179: TOTAL MAQUINAS TIPO C | G179: =COUNTIF(G6:G175,"C") -> 18
F180: TOTAL EQUIPOS TIJUANA | G180: =SUM(G177:G179) -> 170

Sheet PAQUETE 03 ENSSQ
A1: PAQUETE 3 (SIN LIMITES DE COPIAS)
A2: ENSENADA Y SAN QUINTIN
A3: Junio 03 2020 a Junio 03 2021
A5: RAMO | C5: DEPEND | D5: CD | E5: AREA | F5: UBICACION | G5: TIPO | H5: COND | I5: IMP | J5: SCAN | K5: COLOR
A6: 1 | B6: 03 | C6: PART | D6: ENSENADA | E6: SECRETARIA PARTICULAR EJECUTIVO (ENSENADA) | F6: CARR. ENS-LA PAZ #6500 EX EJIDO CHAPULTEPEC (CENTRO DE GOB) 3ER PISO | G6: B | H6: NUEVA | I6: MULTIFUNCIONAL | J6: SCANER | K6: BLANCO Y NEGRO
A7: 2 | B7: 03 | C7: PART | D7: ENSENADA | E7: RELACIONES PUBLICAS (ENSENADA) 172-30-42 | F7: CARR. ENS-LA PAZ #6500 EX EJIDO CHAPULTEPEC (CENTRO DE GOB) 3ER PISO | G7: A | H7: NUEVA | I7: MULTIFUNCIONAL | J7: SCANER | K7: BLANCO Y NEGRO
A8: 3 | B8: 03 | C8: PART | D8: ENSENADA | E8: COMUNICACION SOCIAL (ENSENADA) | F8: CARR. ENS-LA PAZ #6500 EX EJIDO CHAPULTEPEC (CENTRO DE GOB) 3ER PISO | G8: B | H8: NUEVA | I8: MULTIFUNCIONAL | J8: SCANER | K8: BLANCO Y NEGRO
A9: 4 | B9: 04 | C9: SGG | D9: ENSENADA | E9: SEC. GENERAL DE GOBIERNO ENSENADA | F9: CARR. ENS-LA PAZ #6500 EX EJIDO CHAPULTEPEC (CENTRO DE GOB) 3ER PISO | G9: B | H9: NUEVA | I9: MULTIFUNCIONAL | J9: SCANER | K9: BLANCO Y NEGRO
A10: 5 | B10: 04 | C10: RPP | D10: ENSENADA | E10: REGISTRO PUBLICO (ENSENADA) | F10: CARR. ENS-LA PAZ #6500 EX EJIDO CHAPULTEPEC (CENTRO DE GOB) 1ER PISO | G10: B | H10: NUEVA | I10: MULTIFUNCIONAL | J10: SCANER | K10: BLANCO Y NEGRO
A11: 6 | B11: 04 | C11: SGG | D11: ENSENADA | E11: DEFENSORIA PUB PENAL 9NA E INSURGENTES BUSTAMANTE | F11: CALLE 9NA. E INSURGENTES COLONIA BUSTAMANTE | G11: B | H11: NUEVA | I11: MULTIFUNCIONAL | J11: SCANER | K11: BLANCO Y NEGRO
A12: 7 | B12: 04 | C12: SGG | D12: ENSENADA | E12: DEFENSORIA PUB CIVIL 9NA E INSURGENTES BUSTAMANTE | F12: CALLE 9NA. E INSURGENTES COLONIA BUSTAMANTE | G12: A | H12: NUEVA | I12: MULTIFUNCIONAL | J12: SCANER | K12: BLANCO Y NEGRO
A13: 8 | B13: 04 | C13: FGE | D13: ENSENADA | E13: CONSEJO TUTELAR PARA MENORES (ENSENADA) | F13: ESPALDAS DE CD. DEPORTIVA VALLE DORADO | G13: B | H13: NUEVA | I13: MULTIFUNCIONAL | J13: SCANER | K13: BLANCO Y NEGRO
A14: 9 | B14: 04 | C14: FGE | D14: ENSENADA | E14: CONSEJO TUTELAR PARA MENORES (ENSENADA) | F14: ESPALDAS DE CD. DEPORTIVA VALLE DORADO | G14: B | H14: NUEVA | I14: MULTIFUNCIONAL | J14: SCANER | K14: BLANCO Y NEGRO
A15: 10 | B15: 04 | C15: FGE | D15: ENSENADA | E15: CERESO ENSENADA (ADMINISTRACION) | F15: CARR. OJOS NEGROS S/N KM 3.5 COL AGUAJITO | G15: B | H15: NUEVA | I15: MULTIFUNCIONAL | J15: SCANER | K15: BLANCO Y NEGRO
A16: 11 | B16: 04 | C16: FGE | D16: ENSENADA | E16: CERESO ENSENADA (JURIDICO) | F16: CARR. OJOS NEGROS S/N KM 3.5 COL AGUAJITO | G16: B | H16: NUEVA | I16: MULTIFUNCIONAL | J16: SCANER | K16: BLANCO Y NEGRO
A17: 12 | B17: 04 | C17: FGE | D17: ENSENADA | E17: CERESO ENSENADA (DIRECCION) | F17: CARR. OJOS NEGROS S/N KM 3.5 COL AGUAJITO | G17: A | H17: NUEVA | I17: MULTIFUNCIONAL | J17: SCANER | K17: BLANCO Y NEGRO
... A81: 76 | B81: 17 | C81: STPS | D81: SAN QUINTIN | E81: SECRETARIA DEL TRABAJO (SAN QUINTIN) | F81: CARRETERA TRANSPENINSULAR L-10 MZ-12 LOCAL 3, EJ. NUEVO MEXICALI, S.Q. | G81: B | H81: NUEVA | I81: MULTIFUNCIONAL | J81: SCANER | K81: BLANCO Y NEGRO
F83: TOTAL MAQUINAS TIPO A | G83: =COUNTIFS(G6:G82,"=A") -> 25
F84: TOTAL MAQUINAS TIPO B | G84: =COUNTIFS(G6:G82,"=b") -> 50
F85: TOTAL MAQUINAS TIPO C | G85: =COUNTIF(G6:G82,"C") -> 1
F86: TOTAL EQUIPOS ENSENADA | G86: 76
